Map: Ruby Rock LE

Players

Nikitos - Winner!

  • Race: Terran Terran
  • League: Diamond
  • Spawn Location: 5:00

HoldTheDoor

  • Race: Protoss Protoss
  • League: Diamond
  • Spawn Location: 11:00

VOD

Have the link to the VOD?

Description

Time

  • Played on: May 7, 2026, 1:49 p.m.
  • Length: 8:04
Show
View Real Time Build Order
Export as new Build Order

Nikitos Terran - Winner!

Build Orders:  

Get SALT Encoding   

  12  0:00  SCV  
  13  0:13  SCV  
  14  0:20  Supply Depot  
  14  0:25  SCV  
  15  0:41  SCV  
  16  0:43  Barracks  
  16  0:51  Refinery  
  16  0:53  SCV  
  17  1:05  SCV  
  18  1:16  Barracks  
  18  1:17  SCV  
  19  1:25  Supply Depot  
  19  1:29  SCV  
  19  1:31  Barracks Tech Lab  
  20  1:38  Barracks  
  20  1:48  Supply Depot  
  20  1:50  SCV  
  21  1:57  Marauder  
  23  2:07  Refinery  
  22  2:26  Factory  
  22  2:27  SCV  
  24  2:46  Orbital Command  
  23  3:12  Factory Tech Lab  
  23  3:15  Starport  
  24  3:20  SCV  
  24  3:22  Engineering Bay  
  24  3:31  Siege Tank  
  24  3:32  SCV  
  24  3:34  Barracks Tech Lab  
  28  3:44  SCV  
  29  3:53  Missile Turret  
  29  3:55  Fusion Core  
  29  3:56  SCV  
  29  3:57  Marauder  
  32  4:04  Barracks Reactor  
  32  4:09  SCV  
  33  4:13  Supply Depot  
  33  4:14  Starport Tech Lab  
  33  4:23  SCV  
  34  4:28  Marine  
  35  4:35  Supply Depot, SCV  
  36  4:41  Marine x2  
  36  4:45  Supply Depot  
  38  4:46  Marine  
  39  4:54  Battlecruiser  
  39  4:59  Marine  
  46  5:00  Marine  
  46  5:04  Marine  
  46  5:06  SCV  
  49  5:16  Missile Turret  
  49  5:17  Marine  
  49  5:18  Marine  
  49  5:19  SCV  
  52  5:22  Marine  
  53  5:31  SCV, Refinery  
  53  5:35  Marine x2  
  55  5:40  Marine  
  57  5:53  Marine x2  
  59  5:57  SCV, Marine  
  61  6:10  Supply Depot, Marine  
  62  6:11  Marine  
  62  6:15  Supply Depot  
  63  6:27  Marine  
  63  6:28  Battlecruiser, Marine  
  63  6:32  Marine  
  72  6:45  Marine  
  72  6:46  Marine  
  72  7:02  Siege Tank  
  59  7:32  Marine x2  
  59  7:33  Marine  
Show
View Real Time Build Order
Export as new Build Order

HoldTheDoor Protoss 

Build Orders:  

Get SALT Encoding   

  12  0:00  Probe  
  13  0:13  Probe  
  14  0:20  Pylon  
  14  0:24  Probe  
  15  0:34  Probe  
  15  0:40  Gateway  
  16  0:42  Probe  
  17  0:52  Assimilator  
  17  0:54  Probe  
  18  1:07  Probe  
  18  1:10  Forge  
  19  1:19  Zealot, Probe  
  20  1:31  Cybernetics Core, Probe  
  23  1:37  Pylon  
  23  1:55  Probe  
  23  1:59  Stalker  
  24  2:07  Probe  
  27  2:17  Photon Cannon  
  27  2:18  Warp Gate  
  27  2:19  Pylon  
  27  2:22  Assimilator  
  27  2:35  Shield Battery  
  27  2:38  Stalker  
  29  2:45  Gateway  
  29  2:54  Probe  
  30  3:06  Probe, Photon Cannon  
  31  3:18  Probe  
  32  3:24  Stalker  
  32  3:30  Probe  
  35  3:36  Protoss Ground Weapons Level 1  
  35  3:37  Nexus  
  35  3:42  Pylon  
  35  3:57  Robotics Facility  
  35  4:11  Probe  
  36  4:17  Twilight Council  
  36  4:21  Pylon  
  36  4:23  Probe  
  37  4:28  Shield Battery  
  37  4:30  Stalker  
  39  4:35  Sentry, Probe  
  42  4:47  Probe  
  42  4:49  Probe  
  44  4:59  Probe  
  45  5:00  Immortal  
  45  5:01  Probe  
  50  5:12  Probe, Pylon  
  51  5:17  Stargate  
  51  5:20  Pylon  
  51  5:27  Photon Cannon  
  51  5:29  Shield Battery  
  51  5:33  Pylon  
  51  5:34  Blink, Probe  
  52  5:36  Probe  
  52  5:38  Sentry  
  55  5:46  Protoss Ground Armor Level 1  
  55  5:48  Probe  
  56  5:52  Assimilator, Probe  
  56  5:54  Assimilator  
  57  6:03  Probe  
  58  6:04  Probe  
  59  6:15  Photon Cannon  
  59  6:17  Shield Battery  
  59  6:19  Probe  
  59  6:22  Pylon  
  60  6:30  Photon Cannon  
  60  6:34  Void Ray  
  60  6:37  Observer  
  60  6:39  Probe x2  
  67  6:43  Photon Cannon  
  67  6:45  Shield Battery  
  67  6:46  Pylon  
  67  6:50  Stalker  
  69  6:57  Stalker  
  57  7:24  Stalker x2  
  50  7:51  Gateway  
  50  7:52  Gateway  
  50  7:57  Stalker x2  
  50  7:58  Gateway  
Tags
 
Matchup
PvT
Replay Pack
SC2Mai2026
Spawn Locations
Cross Positions
Add a new tag
Caveats
  • Supply blocks, unpowered buildings, or Contaminate may cause inaccurate times.
  • Supply counts are checked every 10 seconds.